 Dungeon Crawl Stone Soup version 0.26.0-5-gb5863c6483 (webtiles) character file.

Game seed: 14345437755290418110

74 Destapler the Firebug (level 4, 0/33 HPs)
             Began as a Hill Orc Fire Elementalist on Jan 11, 2021.
             Was an Initiate of Sif Muna.
             Slain by a giant cockroach (2 damage)
             ... on level 2 of the Dungeon.
             The game lasted 00:08:39 (1904 turns).

Destapler the Firebug (Hill Orc Fire Elementalist)  Turns: 1904, Time: 00:08:40

Health: 0/33       AC:  3    Str: 10    XL:     4   Next: 30%
Magic:  7/7        EV: 12    Int: 16    God:    Sif Muna [......]
Gold:   108        SH:  0    Dex: 11    Spells: 6/7 levels left

rFire    . . .     SeeInvis .   l - +0 dagger
rCold    . . .     Faith    .   (no shield)
rNeg     . . .     Spirit   .   a - +0 robe
rPois    .         Reflect  .   (no helmet)
rElec    .         Harm     .   (no cloak)
rCorr    .         Rampage  .   (no gloves)
Will     .....                  j - +0 pair of boots
Stlth    ++........             (no amulet)
HPRegen  0.11/turn              (no ring)
MPRegen  0.10/turn              (no ring)

@: no status effects
A: no striking features
a: Renounce Religion


You were on level 2 of the Dungeon.
You worshipped Sif Muna.
Sif Muna was noncommittal.
You visited 1 branch of the dungeon, and saw 2 of its levels.

You collected 108 gold pieces.

Inventory:

Hand Weapons
 l - a +0 dagger (weapon)
Armour
 a - a +0 robe (worn)
 j - a +0 pair of boots (worn)
Scrolls
 b - a scroll of teleportation
 c - a scroll of amnesia
 d - 3 scrolls of identify
 f - a scroll of remove curse {unknown}
 g - a scroll of fear {unknown}
 h - a scroll of immolation {unknown}
 i - a scroll of enchant armour {unknown}
 k - 2 scrolls of magic mapping


   Skills:
 + Level 0.2 Fighting
 - Level 2.1 Dodging
 - Level 2.2 Stealth
 - Level 2.0 Spellcasting
 + Level 1.9 Conjurations
 + Level 3.8 Fire Magic


You had 6 spell levels left.
You knew the following spells:

 Your Spells              Type           Power        Failure   Level
a - Foxfire               Conj/Fire      40%          6%          1

Your spell library contained the following spells:

 Spells                   Type           Power        Failure   Level
 Conjure Flame            Conj/Fire      10%          19%         3
 Inner Flame              Hex/Fire       7%           28%         3
 Sticky Flame             Conj/Fire      10%          52%         4
 Fireball                 Conj/Fire      5%           86%         5


Dungeon Overview and Level Annotations

Branches:
Dungeon (2/15)

Altars:
Sif Muna

Annotations:
D:2 Natasha


Message History

You aren't carrying any potions.
A giant cockroach comes into view.
The giant cockroach is pulled toward you!
* * * LOW HITPOINT WARNING * * *
You feel sick.
* * * LOW HITPOINT WARNING * * *
You feel sick.
* * * LOW HITPOINT WARNING * * *
You feel sick.
* * * LOW HITPOINT WARNING * * *
You feel sick.
You are no longer poisoned.
You feel less attractive to monsters.
You start resting.
A giant cockroach is nearby!
You are too injured to fight recklessly!
You are too injured to fight recklessly!
You are too injured to fight recklessly!
The giant cockroach bites you.
You die...

### #.#########
#..<#.#.....#.#
#.#.#.#.###...#
#.#.#.#(###.###
#.#.#.#......#
###.#.#.#####..#
#...#.#.....#..#
#.###.#####.#..########
#.# #B@...#.#..........
#.# #####.#....########
#.# #.######
#.#######.# #.........#
#########.# ###


You could see a giant cockroach.

Vanquished Creatures
  Natasha (twice) (D:2)
  A dart slug (D:2)
  An orc (D:2)
  2 bats (D:2)
  A giant cockroach (D:1)
  4 goblins (D:1)
  3 hobgoblins
  A kobold (D:2)
  A frilled lizard (D:1)
  8 rats (D:1)
24 creatures vanquished.

Vanquished Creatures (others)
  72 foxfires
72 creatures vanquished.

Grand Total: 96 creatures vanquished

Notes
Turn   | Place    | Note
-------+----------+-------------------------------------------
     0 | D:1      | Destapler the Hill Orc Fire Elementalist began the quest
                  | for the Orb.
     0 | D:1      | Reached XP level 1. HP: 14/14 MP: 3/3
   180 | D:1      | Found a shimmering blue altar of Sif Muna.
   185 | D:1      | Became a worshipper of Sif Muna the Loreminder
   190 | D:1      | Reached XP level 2. HP: 8/20 MP: 0/4
   895 | D:2      | Noticed Natasha
   904 | D:2      | Noticed a crimson imp
   916 | D:2      | Killed Natasha
   917 | D:2      | Reached XP level 3. HP: 4/26 MP: 1/5
  1276 | D:2      | Noticed Natasha
  1285 | D:2      | Killed Natasha
  1286 | D:2      | Reached XP level 4. HP: 20/33 MP: 0/7
  1840 | D:2      | Noticed Natasha
  1894 | D:2      | HP: 1/33 [poisoned by an adder]
  1904 | D:2      | Slain by a giant cockroach

Illustrated notes

Levels and vault maps discovered:
D:1:      lightli_arrival_windingriver, layout_rooms, minmay_hexomino_r4
D:2:      layout_basic, tgw_kikubaaqudgha, uniq_natasha

Skill      XL: |  1  2  3 |
---------------+----------+-----
Dodging        | 2 |  2.1
Stealth        | 2 |  2.2
Spellcasting   | 2 |  2.0
Fighting       | |  0.2
Conjurations   | |  1.9
Fire Magic     | |  3.8

Action                   |  1- 3 |  4- 6 || total
-------------------------+-------+-------++-------
Melee: Unarmed           |    10 |       ||    10
       Dagger            |    17 |    32 ||    49
 Cast: Foxfire           |    30 |    14 ||    44
  Use: Potion            |     1 |     2 ||     3
       Scroll            |       |     3 ||     3
 Stab: Sleeping          |     3 |       ||     3
Armor: Robe              |    12 |     7 ||    19
       Skin              |    24 |       ||    24
Dodge: Dodged            |    24 |    29 ||    53
